[Event "Late-Titled-Tuesday-Blitz-May-07-2024"]
[Site "Chess.com"]
[Date "2024.05.07"]
[Round "9"]
[White "toninhojit"]
[Black "Mariia89"]
[Result "1-0"]
[WhiteElo "2595"]
[BlackElo "2220"]
[TimeControl "180+1"]
[EndTime "15:47:06 PDT"]
[Termination "toninhojit won on time"]

1. e4 c6 2. d4 d5 3. e5 Bf5 4. Nc3 e6 5. g4 Bg6 6. Nge2 Ne7 7. Nf4 h5 8. Nxg6 Nxg6 9. Bd3 Nh4 10. g5 Be7 11. f4 g6 12. Qe2 c5 13. Qf2 Nf5 14. Bxf5 gxf5 15. Be3 cxd4 16. Bxd4 Nc6 17. Bc5 a6 18.
O-O Qa5 19. Bxe7 Nxe7 20. Rad1 Ng6 21. a3 Rc8 22. Na2 Qc5 23. Qxc5 Rxc5 24. c3 O-O 25. Kg2 Rc4 26. Rd4 Rfc8 27. Kg3 h4+ 28. Kf3 Rxd4 29.
cxd4 Rc2 30. Rf2 Rxf2+ 31. Kxf2 Nxf4 32. Ke3 Ng6 33. Nb4 Kg7 34. Nd3 b6 35. Nb4 a5 36.
Nc6 Kf8 37. Na7 Ne7 38. Nb5 Nc8 39. Kf3 Ke7 40. Kg2 Kd7 41. Kh3 Kc6 42. a4 Ne7 43. Kxh4 Ng6+ 44. Kg3 Kd7 45. h4 Ke7 46. h5 Nf8 47.
Kf4 Nh7 48. Nd6 Nf8 49. Nc8+ Kd7 50. Nxb6+ Kc6 51. Nc8 Kc7 52. Ne7 Kd7 53. Ng8 Kc6 54. Nf6 Kb7 55. h6 Kc6 56. h7 Ng6+ 57. Kg3 Kc7 58. Nh5 Kd8 59. Nf4 Nh8 60. Kh4 Ke7 61. Kh5 Kf8 62. Kh6 Ke7 63. g6 1-0

[Event "Late-Titled-Tuesday-Blitz-May-07-2024"]
[Site "Chess.com"]
[Date "2024.05.07"]
[Round "9"]
[White "Alex_Sahakyan2006"]
[Black "GMRafpig"]
[Result "1-0"]
[WhiteElo "2854"]
[BlackElo "2732"]
[TimeControl "180+1"]
[EndTime "15:47:07 PDT"]
[Termination "Alex_Sahakyan2006 won on time"]

1. e4 c5 2. Nf3 d6 3. d4 cxd4 4. Qxd4 Nc6 5. Qd3 g6 6. Nc3 Bg7 7. Be2 Nf6 8. O-O O-O 9. Nd5 b6 10. c3 Bb7 11. Bg5 Nd7 12. Qc2 Re8 13. Rad1 h6 14. Bh4 g5 15. Bg3 Nce5 16. Nxe5 Nxe5 17. Bb5 Rf8 18. f4 gxf4 19. Rxf4 Ng6 20. Rg4 Bc8 21. Rxg6 fxg6 22. e5 Bf5 23. Qb3 Kh7 24. Nb4 Qc8 25. Bc6 a5 26. Bxa8 Qxa8 27. Nd5 Be6 28. Qb5 dxe5 29. Nc7 Qc8 30. Qxb6 Bg4 31. Re1 Qf5 32. Nd5 Be2 33. h3 Qg5 34. Kh2 Bc4 35. Ne3 Bg8 36.
Qxa5 h5 37. h4 Qf6 38. Rf1 Qe6 39. Rxf8 Bxf8 40. Qxe5 Qxa2 41. b4 Bg7 42. Qxe7 Qe2 43. Be5 1-0

[Event "Late-Titled-Tuesday-Blitz-May-07-2024"]
[Site "Chess.com"]
[Date "2024.05.07"]
[Round "9"]
[White "only_strong_moves"]
[Black "SergioMoralesG"]
[Result "1-0"]
[WhiteElo "2708"]
[BlackElo "2490"]
[TimeControl "180+1"]
[EndTime "15:47:10 PDT"]
[Termination "only_strong_moves won by resignation"]

1. Nc3 d5 2. e4 d4 3. Nce2 c5 4. c3 Nc6 5. Ng3 e5 6. Bc4 Qc7 7. d3 Bd7 8. a4 Nge7 9. Nf3 f6 10.
O-O O-O-O 11. cxd4 cxd4 12. Bd2 Ng6 13. Rc1 Kb8 14.
b4 Bxb4 15. Bxb4 Nxb4 16. Bb5 Qb6 17. Qb3 Bxb5 18. axb5 Qxb5 19. Qf7 Nf4 20. Qc7+ Ka8 21. Rc5 Qb6 22. Qxb6 axb6 23. Rb5 Nfxd3 24. Nd2 Rc8 25. Nf5 Rc5 26. Rxb6 Rhc8 27. Nb3 Rc3 28. Nd6 R8c6 29.
Ra1+ Na6 30. Rxc6 Rxc6 31. Nxb7 Nb4 32. N7c5 Kb8 33. Nxa6+ Rxa6 34. Rb1 Kc8 35. Kf1 Nd3 36. Ke2 Nf4+ 37. Kf3 Ra3 38. g3 Ne6 39. Ke2 Ra2+ 40. Nd2 Nc5 41. Rc1 Ra5 42. Nb3 Ra2+ 43. Kf1 Kd8 44. Nxc5 Ke7 45. h4 g6 46. Nd3 Ra3 47. Ke2 Ra2+ 48. Ke1 Kf7 49. Rc7+ Ke6 50.
Rc6+ Kd7 51. Rxf6 Ra1+ 52. Ke2 Ra2+ 53. Kf1 Ke7 54. Rb6 Ra5 55. Kg2 Kf7 56. Rb7+ Ke6 57.
Rxh7 Ra3 58. Ne1 Ra1 59. Nf3 Ra3 60. Rh8 Kf6 61. Rf8+ Kg7 62. Rd8 d3 63. Nxe5 Kf6 64. Nxd3 1-0

[Event "Late-Titled-Tuesday-Blitz-May-07-2024"]
[Site "Chess.com"]
[Date "2024.05.07"]
[Round "9"]
[White "miraitrunks"]
[Black "profaVa"]
[Result "1-0"]
[WhiteElo "2260"]
[BlackElo "2353"]
[TimeControl "180+1"]
[EndTime "15:47:11 PDT"]
[Termination "miraitrunks won by checkmate"]

1. e4 e5 2. Nf3 Nc6 3. Bc4 Nf6 4. Ng5 d5 5. exd5 Nd4 6. c3 b5 7. cxd4 bxc4 8. Qa4+ Bd7 9. Qxc4 e4 10. O-O h6 11.
Nxe4 Nxe4 12. Re1 Bd6 13. Rxe4+ Kf8 14. d3 Bf5 15. Nc3 Bxe4 16. dxe4 Rb8 17. e5 Bb4 18. Bf4 Bxc3 19. bxc3 Kg8 20. Re1 Kh7 21. e6 fxe6 22. Bxc7 Qxd5 23. Qxd5 exd5 24. Bxb8 Rxb8 25. g4 Rb2 26. Re5 Rxa2 27. Rxd5 a5 28. Rc5 a4 29. Ra5 Rc2 30. Rxa4 Rxc3 31. Ra8 Rd3 32. Rd8 g5 33. Kf1 Kg6 34. d5 Kf6 35. d6 Ke6 36. d7 Rxd7 37. Rxd7 Kxd7 38. Ke2 Ke6 39. Ke3 Ke5 40.
f3 Kf6 41. Kd4 Ke6 42. Ke4 Kf6 43. Kd5 Kf7 44. Ke5 Ke7 45. Kf5 Kf7 46. h3 Kg7 47. Ke5 Kf7 48. f4 gxf4 49. Kxf4 Kf6 50. h4 Ke6 51.
Ke4 Kf6 52. Kd5 Kf7 53. Ke5 Ke7 54. Kf5 Kf7 55. h5 Kg7 56. Ke6 Kg8 57. Kf6 Kh7 58.
Kf7 Kh8 59. Kg6 Kg8 60. Kxh6 Kh8 61. Kg6 Kg8 62. g5 Kh8 63. Kf6 Kh7 64. g6+ Kg8 65. g7 Kh7 66. Kf7 Kh6 67. g8=Q Kxh5 68. Kf6 Kh4 69. Kf5 Kh3 70. Kf4 Kh2 71. Kf3 Kh1 72.
Qg2# 1-0

[Event "Late-Titled-Tuesday-Blitz-May-07-2024"]
[Site "Chess.com"]
[Date "2024.05.07"]
[Round "9"]
[White "finec2"]
[Black "TheDiscoOne"]
[Result "1-0"]
[WhiteElo "2292"]
[BlackElo "2482"]
[TimeControl "180+1"]
[EndTime "15:47:12 PDT"]
[Termination "finec2 won by checkmate"]

1. e4 c5 2. Nf3 g6 3. d4 cxd4 4. Nxd4 Nc6 5. Nc3 Bg7 6. Be3 Nf6 7. Bc4 O-O 8. Bb3 d6 9. f3 Nxd4 10. Bxd4 Be6 11. O-O Bxb3 12. axb3 a6 13. Qd2 Qc7 14. Kh1 Rac8 15. Rf2 Rfd8 16. Bxf6 Bxf6 17. Nd5 Qc5 18. Nxf6+ exf6 19. c4 f5 20. exf5 Qxf5 21. Rd1 d5 22. g4 Qf6 23. cxd5 Rd6 24. Qd4 Qe7 25. Rfd2 Rcd8 26.
Qe4 Qc7 27. Kg2 Qb6 28. b4 Qb5 29. Kf2 Qb6+ 30. Qd4 Qc7 31. Qc5 Qb8 32. Kg2 Rc8 33. Qe3 Rcd8 34. h4 Qc7 35. h5 gxh5 36. gxh5 Kh8 37.
Qe5+ f6 38. Qf5 Rg8+ 39. Kh1 Qg7 40. Qh3 Qh6 41. Rg2 Rxg2 42. Kxg2 Qg5+ 43. Kf2 Rxd5 44. Qc8+ Kg7 45. Qxb7+ Kh6 46. Qxd5 Qh4+ 47. Ke3 Qxb4 48. Qd4 Qb3+ 49. Rd3 Qc2 50. Qf4+ Kg7 51. Rd7+ Kf8 52. Qxf6+ Ke8 53. Qf7# 1-0

[Event "Late-Titled-Tuesday-Blitz-May-07-2024"]
[Site "Chess.com"]
[Date "2024.05.07"]
[Round "9"]
[White "PapaieDudu"]
[Black "LUISMIGUELOV"]
[Result "1-0"]
[WhiteElo "2363"]
[BlackElo "2211"]
[TimeControl "180+1"]
[EndTime "15:47:13 PDT"]
[Termination "PapaieDudu won on time"]

1. Nf3 d5 2. d4 c6 3. c4 Bf5 4.
Nc3 e6 5. Bf4 Bd6 6. Bg5 Nf6 7. e3 h6 8. Bh4 Nbd7 9. Be2 O-O 10. O-O a6 11. Nd2 Qb8 12. Bg3 Ne4 13. Ncxe4 Bxe4 14. c5 Bxg3 15. fxg3 f5 16. b4 b5 17. Nb3 Qc7 18. Qd2 Nf6 19. Bf3 Rfe8 20. a3 e5 21. dxe5 Qxe5 22. Nd4 Rac8 23. Rae1 Qc7 24. Qc1 a5 25. Bxe4 fxe4 26. Nf5 Ra8 27. Nd6 Rf8 28. Qc3 axb4 29. axb4 Ra4 30. Rf4 Qe7 31. Ref1 Nd7 32.
Rxf8+ Nxf8 33. Rf7 Qg5 34. Qd4 Ne6 35. Qc3 d4 36.
exd4 e3 37. Rf1 e2 38. Re1 Ra2 39. d5 Qxd5 40. Qe3 Qd4 41. Kf2 Qxe3+ 42. Kxe3 Rb2 43. Rxe2 Rxb4 44. Kd3 Nd4 45. Re4 1-0

[Event "Late-Titled-Tuesday-Blitz-May-07-2024"]
[Site "Chess.com"]
[Date "2024.05.07"]
[Round "9"]
[White "FMalexhdez"]
[Black "dianamirza"]
[Result "0-1"]
[WhiteElo "2205"]
[BlackElo "1961"]
[TimeControl "180+1"]
[EndTime "15:47:13 PDT"]
[Termination "dianamirza won on time"]

1. c4 c5 2. b3 Nc6 3. Bb2 Nf6 4. g3 e6 5. Bg2 Be7 6. d3 O-O 7. Nf3 d5 8. O-O Rb8 9. Nbd2 d4 10. a3 e5 11. Ne4 Nxe4 12. dxe4 f5 13. Qc2 fxe4 14.
Qxe4 Bf5 15. Qd5+ Qxd5 16. cxd5 Na5 17. Nxe5 Nxb3 18. Ra2 Bf6 19. Nc4 b5 20. Nd6 Bg6 21. a4 bxa4 22. Rxa4 Nd2 23. Ba3 Nxf1 24. Bxf1 Be7 25. Bxc5 Rfd8 26. Ra6 Rb1 27. Kg2 Bxd6 28. Rxd6 Rxd6 29. Bxd6 Be4+ 30. f3 Bxd5 31. Bc5 Rd1 32.
Bxa7 Bc4 33. Kf2 Ra1 34. Bxd4 Ra2 35. Be3 g6 36. f4 Kg7 37. Kf3 Kf7 38. Bd4 Ke6 39.
Bh3+ Kd5 40. Be5 Bxe2+ 41. Ke3 Bb5 42. Bc8 Rxh2 43. Bb7+ Ke6 44. Bc8+ Kd5 45. Bb7+ Bc6 46. Bc8 h5 47. Bc7 Rc2 48. Bb8 Rc3+ 49. Kf2 Rc2+ 0-1

[Event "Late-Titled-Tuesday-Blitz-May-07-2024"]
[Site "Chess.com"]
[Date "2024.05.07"]
[Round "9"]
[White "Godzillator"]
[Black "betta2004"]
[Result "0-1"]
[WhiteElo "2347"]
[BlackElo "2481"]
[TimeControl "180+1"]
[EndTime "15:47:14 PDT"]
[Termination "betta2004 won by checkmate"]

1. c4 c6 2. e4 d5 3. exd5 cxd5 4. d4 Nf6 5. Nc3 e6 6. Nf3 Bb4 7. cxd5 Nxd5 8. Bd2 Nc6 9. Bd3 O-O 10. O-O Be7 11.
Qe2 Nf6 12. Be3 Nb4 13. Bb1 b6 14. a3 Nbd5 15. Bd3 Bb7 16. Rad1 Rc8 17. Ne5 Rxc3 18. bxc3 Nxc3 19. Qc2 Nxd1 20. Rxd1 Qd5 21. f3 Rc8 22. Qb1 Rc3 23. a4 g6 24. h3 Qb3 25. Qa1 Nd5 26.
Bf2 Qa3 27. Qb1 Rb3 28. Qc2 Rb2 29. Qc1 Qb4 30. Nc6 Bxc6 31. Qxc6 Rxf2 32. Kxf2 Qxd4+ 33. Kg3 Qf4+ 34. Kf2 Bh4+ 35. Kg1 Bf6 36. Be4 Nc3 37. Qe8+ Kg7 38. Rd7 Bd4+ 39. Rxd4 Qe3+ 40. Kh1 Qxd4 41. Qa8 Nxe4 42. fxe4 Qxa4 43. e5 Qd1+ 44. Kh2 Qd5 45. Qxa7 Qxe5+ 46. Kh1 b5 47. Qb7 Qd5 48. Qb6 h5 49.
Kh2 h4 50. Kh1 Qc4 51. Qd6 b4 52. Qe5+ Kh7 53. Qf6 Qc1+ 54. Kh2 Qc7+ 55. Kh1 b3 56. Qxh4+ Kg8 57. Qb4 Qc1+ 58. Kh2 b2 59. Qb8+ Kh7 60. Qb7 Kg7 61. Qb8 b1=Q 62. Qe5+ Kh7 63. Qf6 Qf5 64.
Qh4+ Kg7 65. Qd4+ Qf6 66. Qd7 Qcf4+ 67. Kg1 Qf2+ 68. Kh1 Qf1+ 69. Kh2 Q6f4+ 70. g3 Q4f2# 0-1

[Event "Late-Titled-Tuesday-Blitz-May-07-2024"]
[Site "Chess.com"]
[Date "2024.05.07"]
[Round "9"]
[White "rhwr"]
[Black "RespectfulDaveOnYouTube"]
[Result "0-1"]
[WhiteElo "2285"]
[BlackElo "2424"]
[TimeControl "180+1"]
[EndTime "15:47:15 PDT"]
[Termination "RespectfulDaveOnYouTube won on time"]

1. e4 d5 2. exd5 c6 3. d4 cxd5 4. Bd3 Nc6 5. c3 Nf6 6. Nf3 Bg4 7. O-O e6 8. Nbd2 Bd6 9. h3 Bh5 10. Qb3 O-O 11. Re1 a6 12. a4 Qc7 13. Be2 Rfe8 14. Nf1 e5 15. dxe5 Nxe5 16. Nxe5 Rxe5 17. Ne3 Bxe2 18. Rxe2 Rae8 19. Bd2 Ne4 20. Nxd5 Nxd2 21. Nxc7 Nxb3 22. Nxe8 Rxe2 23. Rd1 Rxe8 24. Rxd6 g6 25. Rd7 Nc5 26. Rc7 Re1+ 27. Kh2 Re5 28. a5 Nd3 29. b4 Rb5 30. Kg3 Kg7 31. Kf3 Ne5+ 32.
Ke4 Nc6 33. f4 Kf6 34. g4 Ke6 35. Rc8 h5 36. Re8+ Kd7 37. Rf8 Ke7 38. Rg8 Nd8 39. Rh8 hxg4 40. hxg4 Ne6 41. Rh3 f5+ 42. gxf5 gxf5+ 43. Kf3 Kd6 44. Rh7 Nc7 45. Rh6+ Kd7 46. Rh7+ Kc6 47.
Rh6+ Kd5 48. Rh5 Kc4 49. Rh3 Nd5 50. Kf2 Nxc3 51. Re3 Ne4+ 52. Kf3 Rxb4 0-1

[Event "Late-Titled-Tuesday-Blitz-May-07-2024"]
[Site "Chess.com"]
[Date "2024.05.07"]
[Round "9"]
[White "ChessLover0108"]
[Black "Mops_2004"]
[Result "1-0"]
[WhiteElo "2956"]
[BlackElo "2799"]
[TimeControl "180+1"]
[EndTime "15:47:19 PDT"]
[Termination "ChessLover0108 won by checkmate"]

1. Nf3 g6 2. d4 Bg7 3. c3 Nf6 4. Bg5 O-O 5. Nbd2 d6 6. e3 b6 7. Bd3 Bb7 8. Qe2 Nbd7 9. h4 e5 10. h5 Re8 11. hxg6 hxg6 12. dxe5 Nxe5 13. Nxe5 Rxe5 14.
Bf4 Rh5 15. O-O-O Qe7 16. Nf3 Re8 17. Bc4 Rxh1 18. Rxh1 Bd5 19. Bg5 Qe6 20. Bxd5 Qxd5 21. Bxf6 Bxf6 22. Qa6 Kg7 23. a3 Qc6 24. Qd3 a5 25.
Rh3 a4 26. g4 Qe4 27. Qxe4 Rxe4 28. g5 Be7 29. Rg3 c5 30. Kc2 b5 31. Nd2 Rh4 32. Nf3 Rh1 33. Rg2 Kf8 34. Nd2 Ke8 35. Ne4 Kd7 36. Ng3 Rh3 37. Ne2 Rh5 38. f4 Ke6 39.
Kd2 Rh3 40. Kd3 Rh1 41. Kc2 Kd5 42. e4+ Kc6 43. f5 Rf1 44. f6 Bd8 45. Rh2 Kd7 46.
Kd3 Ke6 47. Ke3 Bb6 48. Nf4+ Ke5 49. Nd5 Ba7 50. Rh8 c4+ 51. Ke2 Rg1 52. Re8# 1-0

[Event "Late-Titled-Tuesday-Blitz-May-07-2024"]
[Site "Chess.com"]
[Date "2024.05.07"]
[Round "9"]
[White "sofaceindisguise"]
[Black "Reyson01"]
[Result "1-0"]
[WhiteElo "2732"]
[BlackElo "2528"]
[TimeControl "180+1"]
[EndTime "15:47:19 PDT"]
[Termination "sofaceindisguise won by resignation"]

1. d4 Nf6 2. Nf3 e6 3. c4 b6 4.
g3 Ba6 5. Nbd2 Bb7 6. Bg2 c5 7. dxc5 Bxc5 8. O-O O-O 9. Nb3 Be7 10. Bf4 d5 11.
Ne5 Nbd7 12. Rc1 Nxe5 13. Bxe5 Rc8 14. cxd5 Bxd5 15. Bxf6 Rxc1 16. Nxc1 Bxf6 17. Bxd5 exd5 18. Nd3 Re8 19. Qc2 Qc8 20. Rc1 Qxc2 21. Rxc2 g6 22. Kg2 Kg7 23. Kf3 a5 24. e3 a4 25. Rc6 Rb8 26. Rd6 a3 27. b3 Rc8 28. Rxb6 Be7 29.
Rb7 Kf8 30. Ra7 Rc2 31. b4 Rxa2 32. b5 Rb2 33. Ra5 Rb3 34. Nf4 Kg7 35. Nxd5 Bd8 36. Ra8 Rxb5 37. Rxd8 a2 38. Ra8 Rxd5 39. Rxa2 h5 40.
Kg2 Rb5 41. e4 Rb3 42. e5 Rb5 43. f4 Rb3 44. Ra7 Kg8 45. Kh3 Rb2 46. Kh4 Rxh2+ 47.
Kg5 Rb2 48. Kh6 Rb8 49. e6 fxe6 50. Kxg6 Rf8 51. Kxh5 Rf7 52. Rxf7 Kxf7 53. g4 Kf6 54. Kh6 Ke7 55. g5 Kf7 56. Kh7 e5 57. fxe5 Ke6 58.
g6 Kxe5 59. g7 1-0

[Event "Late-Titled-Tuesday-Blitz-May-07-2024"]
[Site "Chess.com"]
[Date "2024.05.07"]
[Round "9"]
[White "ACollins05"]
[Black "RuperezA"]
[Result "1/2-1/2"]
[WhiteElo "2543"]
[BlackElo "2650"]
[TimeControl "180+1"]
[EndTime "15:47:19 PDT"]
[Termination "Game drawn - insufficient material"]

1. Nf3 d5 2. e3 Nf6 3. b3 e6 4. Bb2 Be7 5. Be2 O-O 6. O-O Nbd7 7. d4 b6 8. c4 Bb7 9. Nbd2 dxc4 10. Nxc4 c5 11. Rc1 Rc8 12. dxc5 Nxc5 13. Qc2 Be4 14. Qd2 Nd3 15. Bxd3 Qxd3 16. Rfd1 Qxd2 17. Ncxd2 Bb7 18. Nc4 Rfd8 19. Nfe5 Nd5 20. Rd2 f6 21. Nf3 Bb4 22. Rdd1 b5 23. Na3 a6 24. Nc2 Bc3 25. Bxc3 Nxc3 26.
Rxd8+ Rxd8 27. Kf1 Nxa2 28. Ra1 Nc3 29. Nb4 Nd5 30. Nxd5 Rxd5 31. Nd4 e5 32. Ne6 Rd2 33. Nc5 Bc8 34. Nxa6 Bxa6 35. Rxa6 Rb2 36. g4 Rxb3 37.
Ra7 h6 38. Rb7 Kh7 39. Kg2 h5 40. gxh5 Kh6 41. Kg3 Rb1 42. Kg2 b4 43. f4 e4 44.
Re7 f5 45. Re5 Rb2+ 46. Kg3 Re2 47. Rxf5 Rxe3+ 48. Kg4 Re2 49. Rb5 Rg2+ 50. Kh3 Rb2 51. Kg3 e3 52. Kf3 e2 53. Kf2 b3 54. h3 Kh7 55. Rb6 Rb1 56. Kxe2 b2 57. Kd2 Rh1 58. Rxb2 Rh2+ 59. Kc3 Rxb2 60. Kxb2 Kh6 61. Kc3 Kxh5 62. Kd4 Kh4 63. Ke5 Kxh3 64. Kf5 Kg3 65. Kg5 g6 66. f5 gxf5 67. Kxf5 1/2-1/2

[Event "Late-Titled-Tuesday-Blitz-May-07-2024"]
[Site "Chess.com"]
[Date "2024.05.07"]
[Round "9"]
[White "ashookk"]
[Black "lilylg"]
[Result "1-0"]
[WhiteElo "2379"]
[BlackElo "2201"]
[TimeControl "180+1"]
[EndTime "15:47:20 PDT"]
[Termination "ashookk won on time"]

1. Nf3 d5 2. c4 e6 3. Qc2 Nf6 4. d4 c6 5. cxd5 exd5 6. Bg5 g6 7. e3 Bg7 8. Bd3 O-O 9. O-O Be6 10. Nc3 Nbd7 11. Rab1 Rc8 12. b4 a6 13. Rfc1 Qe8 14.
Na4 Bg4 15. Nd2 b5 16. Nc5 Nb6 17. Nxa6 Nc4 18. Rb3 h6 19. Bf4 Qe7 20. h3 Be6 21.
Nc5 Ra8 22. Ra1 Nh5 23. Bh2 Ra7 24. a4 Rfa8 25. a5 Bc8 26. Rbb1 Qg5 27. Nf3 Qd8 28. Rd1 Qf6 29. Ne5 Nxe5 30. Bxe5 Qg5 31. f4 Qg3 32. Qf2 Bf8 33. Qxg3 Nxg3 34. Kf2 Nf5 35. g4 Ne7 36. f5 Kh7 37. fxg6+ fxg6 38. Kg3 Ng8 39. Rf1 Bg7 40. Bxg7 Kxg7 41. Rf2 Re7 42. Rf3 Nf6 43. Raf1 Ne4+ 44. Bxe4 dxe4 45. Rf8 h5 46. gxh5 gxh5 47. Kh4 Rb8 48. Rd8 1-0

[Event "Late-Titled-Tuesday-Blitz-May-07-2024"]
[Site "Chess.com"]
[Date "2024.05.07"]
[Round "9"]
[White "DominguezOnYoutube"]
[Black "ChessWarrior7197"]
[Result "0-1"]
[WhiteElo "3021"]
[BlackElo "3152"]
[TimeControl "180+1"]
[EndTime "15:47:22 PDT"]
[Termination "ChessWarrior7197 won by resignation"]

1. e4 d6 2. d4 Nf6 3. Nc3 e5 4. Nf3 Nbd7 5. Bc4 Be7 6. a4 O-O 7. O-O c6 8. Re1 h6 9. h3 Re8 10. Be3 exd4 11. Bxd4 Nf8 12. Qd3 Be6 13. Rad1 Qa5 14.
Bb3 Rad8 15. Nd2 Qc7 16. Nc4 b6 17. Ne3 N6d7 18. Nf5 Bxf5 19. exf5 d5 20. Bxd5 cxd5 21. Nxd5 Qd6 22. Rxe7 Rxe7 23. Qg3 Re5 24. Bxe5 Nxe5 25. f6 Neg6 26. Qxd6 Rxd6 27. Ne7+ Nxe7 28. Rxd6 gxf6 29.
a5 bxa5 30. Ra6 Ne6 31. Rxa7 Nc6 32. Ra6 Nb4 33. Rxa5 Nxc2 34. Rb5 Kg7 35. b4 Na3 36. Rb8 Nd4 37. Rd8 Nab5 38. Rd5 f5 39. g4 Kf6 40. Kg2 Ke6 41. Rc5 Nd6 42. Rc7 f4 43. Ra7 Ne4 44. f3 Nd2 45. Ra6+ Kd5 46. Rxh6 N2xf3 47. b5 Ne1+ 48. Kf1 Nd3 49. b6 Nc5 50. Rh5+ Kc4 51. Rxc5+ Kxc5 52. b7 Nc6 53. h4 Kb6 54. h5 Kxb7 55.
Kf2 Ne5 56. g5 Kc6 57. h6 Kd5 58. h7 Ng6 59. Kf3 Ke5 60. Kg4 Ke4 61. Kh5 f3 62.
Kh6 f2 63. Kg7 f1=Q 0-1

[Event "Late-Titled-Tuesday-Blitz-May-07-2024"]
[Site "Chess.com"]
[Date "2024.05.07"]
[Round "9"]
[White "Oleksandr_Bortnyk"]
[Black "AlexeiShirov"]
[Result "1-0"]
[WhiteElo "3078"]
[BlackElo "2901"]
[TimeControl "180+1"]
[EndTime "15:47:22 PDT"]
[Termination "Oleksandr_Bortnyk won on time"]

1. e4 e5 2. Bc4 Nf6 3. d3 Bc5 4. Nc3 d6 5. Bg5 h6 6. Bh4 Nc6 7. Nf3 g5 8. Bg3 Bg4 9. h3 Bh5 10. h4 g4 11. Nh2 Nd4 12. a3 Qd7 13. Ne2 O-O-O 14. c3 Nxe2 15. Qxe2 d5 16. exd5 Nxd5 17. O-O-O Rhe8 18. Rhe1 f5 19. Bxe5 Nf4 20. Qf1 g3 21.
fxg3 Bxd1 22. gxf4 Bh5 23. d4 Bf8 24. Bb5 c6 25. Bd3 Bf7 26. Nf3 Bd5 27. Re3 c5 28. Qe2 Bd6 29. Bxd6 Rxe3 30. Qxe3 Qxd6 31. Bxf5+ Kc7 32.
dxc5 Qf6 33. Nd4 Bf7 34. Qe5+ Qxe5 35. fxe5 Rd5 36. e6 Be8 37. b4 h5 38. Kd2 Re5 39. Bc2 b6 40. cxb6+ axb6 41. a4 Kd6 42. Bb3 Ke7 43. Bc2 Kf6 44. g3 Rd5 45. Ke3 Rd8 46.
Bd1 Rc8 47. Kd3 Bg6+ 48. Kd2 Ke5 49. Bf3 Rf8 50. a5 bxa5 51. bxa5 Be4 52. Bxe4 Kxe4 53. a6 Kd5 54. a7 1-0

[Event "Late-Titled-Tuesday-Blitz-May-07-2024"]
[Site "Chess.com"]
[Date "2024.05.07"]
[Round "9"]
[White "K_A_S_T_O_R"]
[Black "GM_dmitrij"]
[Result "0-1"]
[WhiteElo "2834"]
[BlackElo "3039"]
[TimeControl "180+1"]
[EndTime "15:47:22 PDT"]
[Termination "GM_dmitrij won by resignation"]

1. e4 e5 2. Nf3 Nc6 3. Bb5 a6 4. Ba4 Nf6 5. O-O Bc5 6. Bxc6 dxc6 7. d3 Qe7 8. Be3 Bg4 9. Nbd2 Nd7 10. h3 Bh5 11. Nc4 f6 12. Bxc5 Nxc5 13. Ne3 Ne6 14. Nf5 Qd7 15. Ng3 Bf7 16. Nf5 h5 17. g3 g6 18. Ne3 O-O-O 19. Kg2 Kb8 20. Rh1 c5 21.
Nd5 c6 22. Ne3 Rdg8 23. a3 g5 24. b4 Nf4+ 25. Kf1 Nxh3 26. bxc5 h4 27. Nf5 hxg3 28. fxg3 Be6 29. Nd6 Ka8 30. Kg2 Bg4 31. Nc4 Qg7 32. Ne3 Be6 33. Rb1 Rh7 34. Nh2 g4 35. Nexg4 Nf4+ 36.
Kf2 Nh3+ 37. Ke1 Bxg4 38. Nxg4 Qxg4 39. Qxg4 Rxg4 40. Ke2 Rxg3 41. Rbf1 Nf4+ 42. Kd2 Rg2+ 43. Kc3 Rxh1 44. Rxh1 Ne6 45. Rh6 Nd4 46. Rxf6 Rxc2+ 47. Kb4 Ka7 48. Rf7 a5+ 49. Kxa5 Rxc5+ 50. Kb4 Rc1 51.
Re7 c5+ 52. Ka4 Rd1 53. Rxe5 b5+ 54. Ka5 Nc6+ 55. Kxb5 Nxe5 0-1

[Event "Late-Titled-Tuesday-Blitz-May-07-2024"]
[Site "Chess.com"]
[Date "2024.05.07"]
[Round "9"]
[White "Onthequiet"]
[Black "APOKALIPSA13"]
[Result "1-0"]
[WhiteElo "2398"]
[BlackElo "2192"]
[TimeControl "180+1"]
[EndTime "15:47:24 PDT"]
[Termination "Onthequiet won on time"]

1. Nf3 d5 2. b3 Nf6 3. Bb2 g6 4. g3 Bg7 5. Bg2 h5 6. h3 c5 7. O-O h4 8. g4 Bxg4 9. hxg4 h3 10. Bh1 h2+ 11. Kg2 Qd7 12. Ne5 Qe6 13. e3 Nxg4 14. Qxg4 Qxg4+ 15. Nxg4 Bxb2 16. Nc3 Bxa1 17. Rxa1 e6 18.
Nxh2 Nc6 19. a3 f5 20. f4 O-O-O 21. Ne2 g5 22. Nf3 gxf4 23. Nxf4 Rdg8+ 24. Kf2 Kd7 25. Bg2 Kd6 26. d4 Rg4 27. dxc5+ Ke7 28. b4 Kf6 29.
Rh1 Rxh1 30. Bxh1 Ne7 31. b5 Rg8 32. Nd3 Rc8 33. Nd2 e5 34. Nb3 e4 35. Nb4 Ke5 36. Bg2 f4 37. exf4+ Kxf4 38. Nd4 Ke5 39. Nb3 b6 40. c6 a5 41. Na2 Nxc6 42. bxc6 Rxc6 43.
c3 a4 44. Nd4 Rc4 45. Bf1 Rc5 46. Ke3 Rc8 47. Be2 Rh8 48. Nb4 Rh3+ 49. Kd2 e3+ 50. Kd3 Rh1 51. Kxe3 Ra1 52. Nbc2 1-0

[Event "Late-Titled-Tuesday-Blitz-May-07-2024"]
[Site "Chess.com"]
[Date "2024.05.07"]
[Round "9"]
[White "wild3000"]
[Black "hsd2016"]
[Result "1-0"]
[WhiteElo "2479"]
[BlackElo "2356"]
[TimeControl "180+1"]
[EndTime "15:47:25 PDT"]
[Termination "wild3000 won by checkmate"]

1. b3 g6 2. Bb2 Nf6 3. e4 Bg7 4. e5 Nd5 5. c4 Nb6 6. f4 d6 7. d4 c5 8. d5 dxe5 9. fxe5 e6 10. d6 Qh4+ 11. Kd2 Qf4+ 12. Kc2 Nc6 13. a3 Bxe5 14. Nf3 Bxb2 15. Kxb2 O-O 16. Qd2 Qf6+ 17.
Nc3 Rd8 18. Rd1 Nd4 19. Ne4 Qg7 20. Nxd4 cxd4 21. c5 Nd5 22. Qxd4 Bd7 23. Bc4 b6 24. Bxd5 Qxd4+ 25. Rxd4 exd5 26. Nf6+ Kg7 27. Nxd7 Rxd7 28. b4 Rc8 29. Rxd5 Rc6 30. Rc1 Kf6 31. Kb3 Ke6 32.
Kc4 a6 33. Rf1 b5+ 34. Kd4 f5 35. Re5+ Kf6 36. Rfe1 Rf7 37. h4 Rc8 38. Re6+ Kg7 39. Kd5 f4 40. c6 f3 41. d7 Rd8 42. Re7 fxg2 43. Kd6 Rf8 44. Rxf7+ Kxf7 45. Rg1 Kg7 46. Rxg2 Rf3 47. d8=Q Rxa3 48. Qe7+ Kg8 49. Rd2 Rf3 50. c7 Rf8 51. Qxf8+ Kxf8 52. c8=Q+ Kg7 53. Qd7+ Kh6 54.
Qg4 Kg7 55. Qg5 h6 56. Qe7+ Kg8 57. Rf2 g5 58. Rf8# 1-0

[Event "Late-Titled-Tuesday-Blitz-May-07-2024"]
[Site "Chess.com"]
[Date "2024.05.07"]
[Round "9"]
[White "Andrii_Prydun"]
[Black "jinxy2009"]
[Result "1-0"]
[WhiteElo "2417"]
[BlackElo "2290"]
[TimeControl "180+1"]
[EndTime "15:47:25 PDT"]
[Termination "Andrii_Prydun won by resignation"]

1. e4 e5 2. d4 exd4 3. Qxd4 Nc6 4. Qe3 g6 5. Nc3 Bg7 6. Bd2 Nge7 7. O-O-O O-O 8. h4 d5 9. exd5 Nxd5 10. Qe4 Nxc3 11. Bxc3 Qe8 12. Qxe8 Rxe8 13. Bxg7 Kxg7 14. h5 Bf5 15. Bc4 Nb4 16. Nf3 Rad8 17. Ng5 gxh5 18. a3 Nxc2 19. Nxf7 Nd4 20. Nxd8 Rxd8 21. Rxh5 Bg6 22.
Rh4 c5 23. Bd3 Bxd3 24. Rxd3 b6 25. Kd2 Nb3+ 26. Kc3 Nd4 27. Re3 Rd7 28. Rf4 Nb5+ 29. Kc2 Nd4+ 30. Kc1 h6 31. g4 Kg6 32. Re5 Kg7 33.
Re3 Kg6 34. b4 Kg7 35. bxc5 bxc5 36. Kb2 Rb7+ 37. Kc3 Rb3+ 38. Kc4 Rxe3 39. fxe3 Nc2 40. Kxc5 Nxa3 41. Ra4 Nc2 42. Rxa7+ Kg6 43. e4 Ne3 44. e5 Nxg4 45. Kd6 Kf5 46. e6 Nf6 47. Rf7 Kg6 48. Rxf6+ Kxf6 49. e7 Kg5 50. e8=Q h5 51. Qe1 h4 52. Qh1 Kg4 53. Kd5 Kg3 54. Kd4 h3 55. Ke3 h2 56. Ke2 Kh3 57. Kf2 Kg4 58. Qxh2 Kg5 59.
Qg3+ 1-0

[Event "Late-Titled-Tuesday-Blitz-May-07-2024"]
[Site "Chess.com"]
[Date "2024.05.07"]
[Round "9"]
[White "Zq1"]
[Black "alexrustemov"]
[Result "1/2-1/2"]
[WhiteElo "2617"]
[BlackElo "2892"]
[TimeControl "180+1"]
[EndTime "15:47:27 PDT"]
[Termination "Game drawn - insufficient material"]

1. d4 d5 2. c4 c6 3. e3 Nf6 4. Nc3 a6 5. a4 e6 6. a5 c5 7. Nf3 Nc6 8. cxd5 exd5 9. Be2 Nxa5 10. dxc5 Bxc5 11. Qa4+ Nc6 12. O-O O-O 13. Rd1 Be6 14. Qh4 Be7 15. Nd4 Ne4 16. Nxe6 fxe6 17. Qg4 Nxf2 18.
Qxe6+ Kh8 19. Rf1 Ne4 20. Nxe4 Rxf1+ 21. Bxf1 dxe4 22. Qxe4 Qd1 23. Qd3 Rd8 24. Qxd1 Rxd1 25. Kf2 Bf6 26. Ke2 Rd7 27. Rb1 Re7 28. Bd2 g6 29. b4 Nd4+ 30. Kd3 Nb5 31. Kc2 Rc7+ 32. Kd3 Rd7+ 33. Ke2 Kg7 34. Rc1 Kf7 35. Rc4 Ke6 36.
g3 Ke7 37. Bh3 Rc7 38. Rxc7+ Nxc7 39. Kd3 b5 40. Bc8 Kd6 41. e4 Be5 42. Bh6 Kc6 43. Bf8 Kb6 44. Bd7 a5 45. bxa5+ Kxa5 46. Kc2 Kb6 47. Kb3 Na6 48. Be8 Bd4 49. Bf7 Bc5 50.
Bg7 Be7 51. Bd4+ Kc6 52. Be8+ Kd6 53. Bxb5 Nc5+ 54. Bxc5+ Kxc5 55. Bc4 Kd4 56. Bd5 h5 57. h4 Bd6 58. Bf7 Bxg3 59. Bxg6 Bxh4 60. Bxh5 Bf6 61.
e5 Bxe5 1/2-1/2